 Dungeon Crawl Stone Soup version 0.27.1-3-gb3d3a73c9e (webtiles) character file.

Game seed: 18193365523063102551

186 omarspendo the Covered (level 5, -3/46 HPs)
             Began as a Hill Orc Fighter on Oct 21, 2021.
             Slain by a gnoll (5 damage)
             ... on level 4 of the Dungeon.
             The game lasted 00:21:12 (3922 turns).

omarspendo the Covered (Hill Orc Fighter)           Turns: 3922, Time: 00:21:12

Health: -3/46      AC: 12    Str: 19    XL:     5   Next: 65%
Magic:  5/5        EV:  3    Int:  8    God:
Gold:   120        SH:  9    Dex: 11    Spells: 4/4 levels left

rFire    . . .     SeeInvis .   a - +0 war axe
rCold    . . .     Faith    .   c - +0 kite shield
rNeg     . . .     Spirit   .   h - +0 plate armour
rPois    .         Reflect  .   (no helmet)
rElec    .         Harm     .   (no cloak)
rCorr    .         Rampage  .   (no gloves)
Will     .....                  (no boots)
Stlth    ..........             (no amulet)
HPRegen  0.15/turn              (no ring)
MPRegen  0.09/turn              (no ring)

@: no status effects
A: no striking features
a: no special abilities


You were on level 4 of the Dungeon.
You visited 1 branch of the dungeon, and saw 4 of its levels.

You collected 120 gold pieces.

Inventory:

Hand Weapons
 a - a +0 war axe (weapon)
 j - a +0 hunting sling of freezing
 n - a +0 dagger
Missiles
 i - 4 atropa-tipped darts (quivered)
Armour
 b - a +0 scale mail
 c - a +0 kite shield (worn)
 f - a +0 ring mail
 h - a +0 plate armour (worn)
Scrolls
 e - a scroll of identify
 o - a scroll of fear {unknown}
 p - a scroll of fog {unknown}
 q - a scroll of blinking {unknown}
Potions
 d - a potion of mutation {unknown}
 k - a potion of cancellation {unknown}
 l - a potion of heal wounds {unknown}
 m - a potion of degeneration


   Skills:
 + Level 4.2 Fighting
 + Level 4.7 Axes
 + Level 4.8 Armour
 + Level 4.2 Shields


You had 4 spell levels left.
You didn't know any spells.
Your spell library contained the following spells:

 Spells                   Type           Power      Damage    Failure   Level
 Magic Dart               Conj           0%         1d3       100%        1
 Call Imp                 Summ           0%         N/A       100%        2
 Mephitic Cloud           Conj/Pois/Air  0%         N/A       100%        3


Dungeon Overview and Level Annotations

Branches:
Dungeon (4/15)
 Temple: D:4-7

Altars:

Shops:
D:1 [   D:2 *

Annotations:
D:3 Pikel
D:4 Blork the orc, Grinder


Message History

* * * LOW HITPOINT WARNING * * *
Grinder blinks!
You open the door.
A dart slug comes into view.
The dart slug launches a dart at you.
The slug dart hits you but does no damage.
You block the gnoll's attack. The gnoll hits you but does no damage.
There is an open door here.
The dart slug launches a dart at you. The slug dart hits you.
* * * LOW HITPOINT WARNING * * *
Blork the orc comes into view.
He is wielding a +0 short sword.
Blork the orc shouts!
You hear an angry hiss.
Blork the orc suddenly jeers.
You hit the dart slug.
The dart slug is moderately wounded.
The gnoll hits you from afar with a +0 spear.
* * * LOW HITPOINT WARNING * * *
You block the dart slug's attack.
You hit the dart slug.
The dart slug is severely wounded.
The gnoll barely misses you.
The dart slug bites you but does no damage.
The gnoll hits you but does no damage.
You slash the dart slug!
You kill the dart slug!
Blork the orc looks encouraged for a moment.
An adder comes into view.
You block the gnoll's attack.
The adder hisses angrily.
Blork the orc gestures at you while chanting.
The puff of flame hits you.
* * * LOW HITPOINT WARNING * * *
You see here a dart slug corpse.
You hit Blork the orc but do no damage.
Blork the orc mumbles some strange words.
Blork the orc seems to speed up.
The gnoll hits you from afar with a +0 spear.
You die...

#.# #.######.# ##
#.#####†# #.#
..#####.......######.#
......#..##.......##.#
#.....#..##.#.###.##.#
#...S...$##.#.# #.##.#
#...........#.###.##.#
.......o.............#
#####@#########.####
#.# #.# #g# #.# ##g##
#.# ##...## #)#####
##.....## #.....#
#.......## ##.###.#
#.........####...##.##
+.........'.§.........


You could see Blork the orc (fast), 2 gnolls and an adder.

Vanquished Creatures
  Jessica (D:2)
  An orc wizard (D:3)
  Robin (D:3)
  3 adders
  A gnoll (D:4)
  2 worms
  2 dart slugs
  4 orcs
  3 ball pythons (D:3)
  3 endoplasms
  2 giant cockroaches
  13 goblins
  9 hobgoblins
  5 quokkas
  4 bats
  A frilled lizard (D:1)
  8 kobolds
  8 rats
71 creatures vanquished.

Vanquished Creatures (others)
  4 plants (D:3)
4 creatures vanquished.

Grand Total: 75 creatures vanquished

Notes
Turn   | Place    | Note
-------+----------+-------------------------------------------
     0 | D:1      | omarspendo the Hill Orc Fighter began the quest for the
                  | Orb.
     0 | D:1      | Reached XP level 1. HP: 19/19 MP: 1/1
   190 | D:1      | Found Taufuqer's Armour Emporium.
   547 | D:1      | Reached XP level 2. HP: 27/27 MP: 2/2
  1479 | D:2      | Noticed Jessica
  1503 | D:2      | Found Ifilod's General Store.
  1524 | D:2      | Killed Jessica
  1525 | D:2      | Reached XP level 3. HP: 20/33 MP: 3/3
  2104 | D:3      | Reached XP level 4. HP: 40/40 MP: 4/4
  2585 | D:3      | Reached XP level 5. HP: 43/46 MP: 5/5
  2669 | D:3      | Noticed Robin
  2686 | D:3      | Killed Robin
  3186 | D:4      | Noticed a lemure
  3188 | D:4      | Noticed Pikel
  3193 | D:4      | Noticed a lemure
  3196 | D:4      | Noticed a lemure
  3441 | D:4      | Noticed a lemure
  3906 | D:4      | Noticed Grinder
  3917 | D:4      | Noticed Blork the orc
  3921 | D:4      | HP: 2/46 [Blork the orc/puff of flame (4)]
  3922 | D:4      | Slain by a gnoll

Illustrated notes

Levels and vault maps discovered:
D:1:      dpeg_arrival_short_road, layout_loops_corners, serial_shops,
          nicolae_shop_stone, shop, shop_fountains
D:2:      layout_loops_ring, serial_shops, nicolae_shop_waterfront,
          chequers_serial_rivers_micro_c, uniq_jessica
D:3:      minmay_razor_zed, layout_basic, zin_angel, kennysheep_flooded_box,
          nrook_mini_backslash, minmay_misc_feat_x, serial_bayou_pond_e,
          uniq_robin
D:4:      minmay_door_path, layout_loops_corners,
          mainiacjoe_overflow_surrounded_room, uniq_pikel, uniq_grinder,
          uniq_natasha, uniq_blork_the_orc

Skill      XL: |  1  2  3  4  5 |
---------------+----------------+-----
Axes           | 3 4 |  4.7
Fighting       | 4 |  4.2
Armour         | 4 |  4.8
Shields        | 4 |  4.2

Action                   |  1- 3 |  4- 6 || total
-------------------------+-------+-------++-------
Melee: War axe           |    90 |   160 ||   250
  Use: Scroll            |       |     2 ||     2
       Potion            |       |     1 ||     1
Armor: Scale mail        |    23 |       ||    23
       Plate armour      |    18 |   132 ||   150
Dodge: Dodged            |    21 |    26 ||    47
Block: Kite shield       |    36 |   100 ||   136
